[ AOE2 MATCH · #504541780 ]
UnrankedMalians vs Vikings
Player's team · LOSS
Rival team · WIN
[ REPLAY ANALYSIS · EXTRACTED FROM THE RECORDED GAME ]
Feudal
10:23
Castle
—
Imperial
—
| APM avg | 65.6 |
| APM peak | 98 |
| eAPM avg | 28.0 |
| Villagers / military | 49 / 12 |
Focus
⚔️ 35.7% · 🌾 64.3%
Skirmisher ×6 · Archer ×3 · Militia ×3
Feudal
9:31
Castle
—
Imperial
—
| APM avg | 51.3 |
| APM peak | 85 |
| eAPM avg | 21.6 |
| Villagers / military | 30 / 20 |
Focus
⚔️ 49.6% · 🌾 50.4%
Skirmisher ×9 · Archer ×8 · Militia ×3
Match map
Initial resources + every placement click. Lines = walls · curves = elevation contours. ◆ gold · ⬟ stone · ● berries · ✦ relic · ◌ wall gap
Your base· Open — unwalled flank
ThisDino's base· Open — unwalled flank
Smoothed initial terrain · ◌ = detected wall gap · hover for details
Inputs per minute
— Chagas - - ThisDino
Build order — Chagas
107 actions detected in the replay
| 0:00 | Queue | Villager (Male) |
| 0:01 | Queue | Villager (Male) |
| 0:02 | Build | House |
| 0:02 | Queue | Villager (Male) |
| 0:03 | Build | House |
| 0:03 | Queue | Villager (Male) |
| 1:30 | Queue | Villager (Male) |
| 1:50 | Build | Lumber Camp |
| 2:10 | Queue | Villager (Male) |
| 2:11 | Queue | Villager (Male) |
| 2:30 | Queue | Villager (Male) |
| 2:30 | Queue | Villager (Male) |
| 2:45 | Queue | Villager (Male) |
| 2:46 | Queue | Villager (Male) |
| 3:03 | Queue | Villager (Male) |
| 3:03 | Queue | Villager (Male) |
| 3:54 | Build | House |
| 4:00 | Queue | Villager (Male) |
| 4:02 | Queue | Villager (Male) |
| 4:03 | Queue | Villager (Male) |
| 4:25 | Build | Barracks |
| 4:51 | Build | House |
| 5:16 | Queue | Villager (Male) |
| 5:16 | Queue | Villager (Male) |
| 5:29 | Queue | Villager (Male) |
| 5:33 | Queue | Villager (Male) |
| 5:37 | Queue | Militia |
| 5:38 | Queue | Militia |
| 5:43 | Queue | Militia |
| 5:45 | Queue | Villager (Male) |
| 5:47 | Build | Mill |
| 6:09 | Queue | Villager (Male) |
| 6:12 | Queue | Villager (Male) |
| 6:58 | Queue | Villager (Male) |
| 7:16 | Research | Loom |
| 7:17 | Research | Loom |
| 7:21 | Build | House |
| 7:23 | Build | House |
| 8:13 | Research | Feudal Age |
| 8:13 | Research | Feudal Age |
| 9:25 | Build | Palisade Wall |
| 9:26 | Build | Palisade Wall |
| 9:29 | Build | Palisade Wall |
| 9:31 | Build | Palisade Wall |
| 9:36 | Build | Lumber Camp |
| 9:48 | Build | Palisade Wall |
| 9:50 | Build | Palisade Wall |
| 9:51 | Build | Palisade Wall |
| 9:54 | Build | Palisade Wall |
| 9:56 | Build | Palisade Wall |
| 9:57 | Queue | Villager (Male) |
| 10:01 | Build | Palisade Wall |
| 10:03 | Build | House |
| 10:04 | Queue | Villager (Male) |
| 10:06 | Queue | Villager (Male) |
| 10:20 | Queue | Villager (Male) |
| 10:23 | Age | Feudal Age |
| 10:25 | Build | Archery Range |
| 10:26 | Queue | Villager (Male) |
| 10:33 | Build | House |
| 10:35 | Build | Palisade Wall |
| 10:40 | Build | Palisade Wall |
| 10:41 | Build | Palisade Wall |
| 10:43 | Build | Palisade Wall |
| 10:56 | Queue | Villager (Male) |
| 11:09 | Build | House |
| 11:11 | Queue | Skirmisher |
| 11:11 | Queue | Skirmisher |
| 11:17 | Queue | Skirmisher |
| 11:17 | Queue | Skirmisher |
| 11:30 | Build | Palisade Gate |
| 11:34 | Build | House |
| 11:35 | Queue | Villager (Male) |
| 11:35 | Queue | Villager (Male) |
| 11:36 | Queue | Villager (Male) |
| 11:55 | Queue | Skirmisher |
| 11:55 | Queue | Skirmisher |
| 11:58 | Build | House |
| 12:00 | Build | Palisade Wall |
| 12:06 | Build | Mining Camp |
| 12:50 | Queue | Villager (Male) |
| 13:17 | Queue | Villager (Male) |
| 13:21 | Queue | Villager (Male) |
| 13:26 | Queue | Villager (Male) |
| 13:33 | Queue | Villager (Male) |
| 13:45 | Queue | Villager (Male) |
| 13:53 | Build | House |
| 13:56 | Build | House |
| 14:09 | Queue | Archer |
| 14:10 | Queue | Archer |
| 14:30 | Queue | Villager (Male) |
| 14:31 | Queue | Villager (Male) |
| 14:33 | Queue | Villager (Male) |
| 14:33 | Queue | Villager (Male) |
| 14:41 | Build | Palisade Wall |
| 14:48 | Build | Farm |
| 15:03 | Queue | Archer |
| 15:06 | Queue | Villager (Male) |
| 15:08 | Build | Farm |
| 15:24 | Build | Farm |
| 15:28 | Queue | Villager (Male) |
| 15:29 | Queue | Villager (Male) |
| 15:34 | Queue | Villager (Male) |
| 15:37 | Queue | Villager (Male) |
| 15:38 | Queue | Villager (Male) |
| 15:51 | Build | Farm |
| 15:54 | Build | Farm |
Build order — ThisDino
86 actions detected in the replay
| 0:00 | Queue | Villager (Male) |
| 0:00 | Queue | Villager (Male) |
| 0:00 | Queue | Villager (Male) |
| 0:02 | Build | House |
| 0:03 | Build | House |
| 0:05 | Queue | Villager (Male) |
| 1:28 | Queue | Villager (Male) |
| 2:03 | Queue | Villager (Male) |
| 2:08 | Build | Lumber Camp |
| 2:40 | Queue | Villager (Male) |
| 2:45 | Queue | Villager (Male) |
| 3:15 | Queue | Villager (Male) |
| 3:18 | Build | House |
| 3:35 | Queue | Villager (Male) |
| 4:26 | Queue | Villager (Male) |
| 4:31 | Queue | Villager (Male) |
| 4:33 | Queue | Villager (Male) |
| 5:13 | Queue | Villager (Male) |
| 5:26 | Build | Palisade Wall |
| 5:29 | Build | Palisade Wall |
| 5:42 | Build | Barracks |
| 6:00 | Queue | Villager (Male) |
| 6:05 | Build | House |
| 6:15 | Queue | Villager (Male) |
| 6:19 | Research | Loom |
| 6:25 | Build | Palisade Wall |
| 7:14 | Research | Feudal Age |
| 7:27 | Queue | Militia |
| 7:42 | Queue | Militia |
| 7:49 | Build | Mining Camp |
| 8:13 | Build | House |
| 8:18 | Queue | Militia |
| 9:28 | Build | House |
| 9:31 | Age | Feudal Age |
| 9:33 | Research | Man-at-Arms (upgrade) |
| 9:38 | Build | Archery Range |
| 9:39 | Queue | Villager (Male) |
| 9:43 | Build | Palisade Wall |
| 9:55 | Build | Palisade Wall |
| 10:02 | Queue | Villager (Male) |
| 10:24 | Queue | Villager (Male) |
| 10:28 | Queue | Archer |
| 10:28 | Queue | Archer |
| 10:38 | Build | House |
| 10:40 | Build | Palisade Wall |
| 10:40 | Build | Palisade Wall |
| 11:28 | Build | Mill |
| 11:33 | Queue | Villager (Male) |
| 11:35 | Build | Outpost |
| 11:40 | Queue | Archer |
| 11:40 | Queue | Archer |
| 12:02 | Build | Farm |
| 12:04 | Build | Farm |
| 12:05 | Build | Farm |
| 12:07 | Build | Farm |
| 12:08 | Build | Farm |
| 12:20 | Queue | Villager (Male) |
| 12:28 | Queue | Archer |
| 12:57 | Queue | Villager (Male) |
| 13:14 | Queue | Villager (Male) |
| 13:25 | Queue | Archer |
| 13:25 | Queue | Villager (Male) |
| 13:27 | Build | House |
| 13:32 | Build | Farm |
| 13:33 | Queue | Skirmisher |
| 13:33 | Queue | Skirmisher |
| 13:39 | Queue | Archer |
| 13:39 | Queue | Archer |
| 13:45 | Queue | Skirmisher |
| 13:45 | Queue | Skirmisher |
| 14:19 | Queue | Villager (Male) |
| 14:34 | Queue | Skirmisher |
| 14:34 | Queue | Skirmisher |
| 14:35 | Queue | Villager (Male) |
| 14:47 | Research | Double-Bit Axe |
| 14:53 | Build | Blacksmith |
| 14:56 | Queue | Villager (Male) |
| 15:05 | Queue | Skirmisher |
| 15:17 | Build | House |
| 15:20 | Queue | Villager (Male) |
| 15:28 | Research | Padded Archer Armor |
| 15:30 | Queue | Villager (Male) |
| 15:45 | Queue | Skirmisher |
| 15:45 | Queue | Skirmisher |
| 15:58 | Build | Palisade Wall |
| 16:02 | Queue | Villager (Male) |
Match timeline
| 4:25 | Chagas · first_building Barracks |
| 5:26 | ThisDino · wall_segment Palisade Wall x1 |
| 5:29 | ThisDino · wall_segment Palisade Wall x1 |
| 5:42 | ThisDino · first_building Barracks |
| 6:25 | ThisDino · wall_segment Palisade Wall x1 |
| 9:25 | Chagas · wall_segment Palisade Wall x1 |
| 9:26 | Chagas · wall_segment Palisade Wall x1 |
| 9:29 | Chagas · wall_segment Palisade Wall x2 |
| 9:31 | Chagas · wall_segment Palisade Wall x6 |
| 9:31 | ThisDino · age_up feudal |
| 9:38 | ThisDino · first_building Archery Range |
| 9:43 | ThisDino · wall_segment Palisade Wall x1 |
| 9:48 | Chagas · wall_segment Palisade Wall x1 |
| 9:50 | Chagas · wall_segment Palisade Wall x1 |
| 9:51 | Chagas · wall_segment Palisade Wall x1 |
| 9:54 | Chagas · wall_segment Palisade Wall x1 |
| 9:55 | ThisDino · wall_segment Palisade Wall x1 |
| 9:56 | Chagas · wall_segment Palisade Wall x1 |
| 10:01 | Chagas · wall_segment Palisade Wall x1 |
| 10:23 | Chagas · age_up feudal |
| 10:25 | Chagas · first_building Archery Range |
| 10:35 | Chagas · wall_segment Palisade Wall x1 |
| 10:40 | ThisDino · wall_segment Palisade Wall x1 |
| 10:40 | ThisDino · wall_segment Palisade Wall x1 |
| 10:40 | Chagas · wall_segment Palisade Wall x1 |
| 10:41 | Chagas · wall_segment Palisade Wall x1 |
| 10:43 | Chagas · wall_segment Palisade Wall x1 |
| 12:00 | Chagas · wall_segment Palisade Wall x1 |
| 14:41 | Chagas · wall_segment Palisade Wall x6 |
| 15:58 | ThisDino · wall_segment Palisade Wall x8 |
| 16:05 | Chagas · resign |
[ AI ANALYSIS · 1 CREDIT ]
What really happened in this match?
Wolo.gg analyzes every decision: build order, eco, micro, common mistakes by bracket. Personalized analysis on WhatsApp or Discord in 30 seconds.
Civ guide
Malians
Perfil
Jugador #25079803